Map: Romanticide LE

Players

milkicow - Winner!

  • Race: Terran Terran

Hellraiser

  • Race: Protoss Protoss

Event: DreamHack SC2 Masters 2021 Fall

VOD

Have the link to the VOD?

Description

Time

  • Played on: July 29, 2021, 11:27 a.m.
  • Length: 7:20

All games in this series

Show
View Real Time Build Order
Export as new Build Order

milkicow Terran - Winner!

Build Orders:  

Get SALT Encoding   

  12  0:00  SCV  
  13  0:12  SCV  
  14  0:17  Supply Depot  
  14  0:24  SCV  
  15  0:39  SCV  
  15  0:40  Barracks  
  16  0:44  Refinery  
  16  0:51  SCV  
  17  1:03  SCV  
  18  1:15  SCV  
  19  1:28  Marine, Orbital Command  
  20  1:47  Command Center  
  20  1:53  Factory  
  20  1:57  SCV  
  21  2:05  Barracks Reactor  
  21  2:09  SCV  
  21  2:11  Bunker  
  22  2:18  Supply Depot  
  22  2:22  SCV  
  23  2:26  Refinery  
  23  2:40  SCV  
  23  2:42  Starport  
  24  2:46  Hellion  
  24  2:51  Hellion  
  28  2:53  SCV  
  29  3:01  Orbital Command  
  29  3:05  SCV  
  30  3:09  Widow Mine  
  32  3:13  Widow Mine  
  32  3:17  SCV  
  35  3:26  Medivac  
  37  3:29  SCV  
  37  3:33  Widow Mine  
  40  3:35  SCV, Widow Mine  
  43  3:41  SCV  
  43  3:42  Supply Depot  
  43  3:45  Barracks Tech Lab  
  43  3:47  SCV  
  45  3:53  SCV  
  46  4:03  SCV, Medivac  
  46  4:04  Widow Mine x2  
  46  4:06  Supply Depot  
  54  4:10  SCV  
  54  4:20  Armory  
  54  4:22  Supply Depot  
  54  4:28  SCV x2, Widow Mine  
  58  4:31  Widow Mine  
  58  4:40  SCV  
  58  4:42  SCV  
  56  4:45  Supply Depot  
  56  4:48  Command Center  
  56  4:52  Marine, SCV, Stimpack  
  57  4:54  SCV  
  57  4:56  Widow Mine  
  59  5:04  SCV  
  59  5:06  SCV  
  59  5:08  Supply Depot  
  59  5:16  SCV, Barracks x2  
  59  5:18  SCV  
  59  5:21  Marine, Widow Mine  
  62  5:22  Widow Mine  
  62  5:28  SCV  
  62  5:32  SCV, Medivac  
  66  5:39  Marine  
  66  5:40  SCV  
  66  5:41  Supply Depot, Engineering Bay x2  
  68  5:44  SCV, Widow Mine  
  68  5:45  Widow Mine  
  71  5:51  Refinery  
  71  5:52  Refinery  
  71  5:53  SCV  
  71  5:56  Marine, SCV  
  72  6:05  SCV  
  72  6:10  SCV  
  70  6:14  Barracks Reactor  
  70  6:17  SCV  
  72  6:18  Barracks  
  72  6:19  Barracks  
  72  6:22  SCV  
  71  6:29  SCV  
  71  6:31  Orbital Command, Missile Turret  
  71  6:32  Missile Turret  
  71  6:33  Barracks Reactor  
  71  6:34  SCV  
  71  6:37  Marine  
  71  6:38  Widow Mine x2  
  71  6:39  Starport Reactor  
  75  6:41  SCV  
  75  6:46  SCV  
  77  6:53  Marine x2, SCV  
  80  6:55  Marine  
  80  6:56  SCV  
  80  6:58  SCV  
  80  6:59  Supply Depot  
  80  7:00  Supply Depot  
  83  7:05  SCV  
  83  7:07  Barracks Tech Lab x2  
  82  7:12  Barracks  
  82  7:14  Barracks  
  82  7:15  Barracks  
Show
View Real Time Build Order
Export as new Build Order

Hellraiser Protoss 

Build Orders: 1 Gate Expand, Oracle Opening, Phoenix Opening 

Get SALT Encoding   

  12  0:00  Probe  
  13  0:12  Probe  
  14  0:17  Pylon  
  14  0:24  Probe (Chrono Boost)  
  16  0:36  Probe (Chrono Boost)  
  16  0:37  Gateway  
  16  0:43  Probe (Chrono Boost)  
  16  0:46  Assimilator  
  17  0:50  Probe  
  18  1:02  Probe  
  19  1:15  Probe  
  20  1:24  Cybernetics Core  
  20  1:34  Nexus  
  20  1:41  Pylon  
  20  1:44  Probe  
  21  1:53  Assimilator  
  21  1:57  Adept (Chrono Boost)  
  23  2:04  Probe  
  24  2:16  Probe  
  24  2:17  Adept (Chrono Boost)  
  27  2:26  Stargate  
  27  2:28  Probe  
  28  2:33  Warp Gate  
  28  2:40  Adept  
  28  2:43  Probe (Chrono Boost)  
  31  2:46  Probe (Chrono Boost)  
  32  2:55  Probe (Chrono Boost)  
  32  2:56  Probe (Chrono Boost)  
  34  3:00  Probe (Chrono Boost)  
  34  3:05  Probe  
  36  3:08  Oracle (Chrono Boost)  
  39  3:13  Probe  
  39  3:17  Probe  
  41  3:25  Probe  
  41  3:26  Pylon  
  42  3:29  Probe  
  43  3:38  Phoenix (Chrono Boost)  
  46  3:42  Nexus, Probe  
  46  3:44  Probe  
  47  3:54  Probe  
  48  3:56  Probe  
  48  4:01  Gateway, Phoenix (Chrono Boost)  
  51  4:05  Gateway  
  51  4:07  Probe  
  51  4:09  Probe  
  53  4:12  Pylon  
  53  4:15  Assimilator  
  53  4:19  Probe  
  53  4:21  Pylon  
  54  4:29  Phoenix (Chrono Boost)  
  54  4:30  Probe  
  57  4:37  Probe  
  56  4:42  Probe  
  49  4:48  Phoenix (Chrono Boost)  
  49  4:49  Probe  
  52  4:54  Probe  
  54  5:01  Probe  
  54  5:06  Probe  
  55  5:07  Probe  
  55  5:12  Forge  
  57  5:14  Twilight Council  
  57  5:15  Pylon  
  57  5:16  Phoenix (Chrono Boost), Probe (Chrono Boost)  
  57  5:19  Probe x2 (Chrono Boost)  
  63  5:29  Probe x2 (Chrono Boost)  
  63  5:30  Probe (Chrono Boost)  
  63  5:33  Probe (Chrono Boost)  
  63  5:34  Probe (Chrono Boost)  
  53  5:38  Probe  
  53  5:41  Phoenix  
  56  5:45  Probe  
  56  5:46  Probe  
  58  5:50  Probe  
  59  5:57  Probe  
  59  5:58  Probe  
  59  6:02  Probe (Chrono Boost)  
  61  6:10  Probe (Chrono Boost)  
  58  6:14  Probe x2 (Chrono Boost)  
  59  6:20  Probe (Chrono Boost)  
  59  6:22  Probe (Chrono Boost)  
  59  6:23  Probe (Chrono Boost)  
  59  6:25  Probe (Chrono Boost)  
  62  6:28  Gateway, Probe  
  62  6:30  Gateway  
  63  6:33  Probe  
  63  6:36  Probe  
  65  6:41  Photon Cannon  
  65  6:42  Probe (Chrono Boost)  
  65  6:44  Pylon  
  65  6:45  Probe (Chrono Boost)  
  65  6:46  Photon Cannon  
  59  6:54  Probe (Chrono Boost)  
  59  6:57  Probe (Chrono Boost)  
  59  6:58  Probe (Chrono Boost)  
  60  7:01  Probe (Chrono Boost)  
  60  7:02  Probe (Chrono Boost)  
  60  7:05  Probe  

Tags
 
Add a new tag
Caveats
  • Supply blocks, unpowered buildings, or Contaminate may cause inaccurate times.
  • Supply counts are checked every 10 seconds.